 Dungeon Crawl Stone Soup version 0.30-a0-965-g42e074c17a (webtiles) character file.

Game seed: 14221747220074297233

156 xian the Stinger (level 5, 0/39 HPs)
             Began as a Draconian Venom Mage on Mar 31, 2023.
             Was an Initiate of Vehumet.
             Slain by Grinder (2 damage)
             ... on level 3 of the Dungeon.
             The game lasted 00:05:16 (2775 turns).

xian the Stinger (Draconian Venom Mage)             Turns: 2775, Time: 00:05:17

Health: 0/39       AC:  7    Str: 10    XL:     5   Next: 14%
Magic:  10/10      EV: 12    Int: 17    God:    Vehumet [......]
Gold:   112        SH:  0    Dex: 16    Spells: 0/10 levels left

rFire   . . .      SeeInvis .    k - +1 mace "Qamid" {speed, Dex+4}
rCold   . . .      Faith    .    (no shield)
rNeg    . . .      Spirit   .    (body armour unavailable)
rPois   .          Reflect  .    c - +2 hat
rElec   .          Rampage  .    (no cloak)
rCorr   .                        (no gloves)
Will    .....                    (no boots)
Stlth   ++                       (no amulet)
HPRegen 0.26/turn                (no ring)
MPRegen 0.12/turn                (no ring)

@: brilliant
A: AC +5, unfitting armour, cold-blooded
a: Renounce Religion


You were on level 3 of the Dungeon.
You worshipped Vehumet.
Vehumet was noncommittal.
You visited 1 branch of the dungeon, and saw 3 of its levels.

You collected 112 gold pieces.

Inventory:

Hand Weapons
 k - the +1 mace "Qamid" (weapon) {speed, Dex+4}
   (You found it on level 2 of the Dungeon)

   Dex:       It affects your dexterity (+4).
Armour
 c - a +2 hat (worn)
Scrolls
 b - a scroll of enchant weapon {unknown}
 f - a scroll of acquirement {unknown}
 h - a scroll of silence {unknown}
 i - a scroll of identify {unknown}
 j - a scroll of vulnerability {unknown}
 l - a scroll of magic mapping {unknown}
 n - a scroll of amnesia {unknown}
Potions
 a - a potion of magic
 d - 2 potions of brilliance
 e - 2 potions of attraction {unknown}
 g - a potion of lignification {unknown}
 m - a potion of degeneration {unknown}
 o - a potion of berserk rage {unknown}
 p - a potion of curing {unknown}


   Skills:
 + Level 0.3 Fighting
 + Level 0.6 Maces & Flails
 + Level 2.3 Dodging
 + Level 1.8 Stealth
 + Level 0.1 Unarmed Combat
 + Level 3.3 Spellcasting
 - Level 2.3 Transmutations
 * Level 0.5 Air Magic
 + Level 3.6 Poison Magic


You couldn't memorise any spells.
You knew the following spells:

 Your Spells              Type           Power      Damage    Failure   Level
a - Sting                 Tmut/Pois      76%        1d6       4%          1
b - Poisonous Vapours     Pois/Air       28%        N/A       11%         2
c - Mephitic Cloud        Conj/Pois/Air  11%        N/A       28%         3
d - Olgreb's Toxic Radia  Pois           23%        N/A       36%         4

Your spell library contained the following spells:

 Spells                   Type           Power      Damage    Failure   Level


Dungeon Overview and Level Annotations

Branches:
Dungeon (3/15)

Altars:
Vehumet
The Shining One

Annotations:
D:3 Grinder


Innate Abilities, Weirdness & Mutations

Your plain brown scales are hard. (AC +5)
You cannot fit into any form of body armour.
You are cold-blooded and may be slowed by cold attacks.


Message History

A ball python comes into view.
Grinder says, "There's only one good use for a tongue: cutting it out."
There is a radiant altar of Vehumet here.
There are no items here.
You kneel at the altar of Vehumet.
Vehumet welcomes you!
Grinder blinks!
Casting: Sting (safe; 4% risk of failure)
Confirm with . or Enter, or press ? or * to list all spells.
You can't see any susceptible monsters within range! (Use Z to cast anyway.)
Casting: Sting (safe; 4% risk of failure)
Confirm with . or Enter, or press ? or * to list all spells.
You can't see any susceptible monsters within range! (Use Z to cast anyway.) Grinder barely misses you.
You hit Grinder but do no damage. Grinder gestures at you.
You suddenly lose the ability to move!
Grinder blinks!
You can move again.
Unknown command.
Grinder hits you!
You writhe in agony.
You barely miss Grinder. Grinder hits you but does no damage.
You closely miss Grinder. Grinder hits you!
You writhe in agony.
You closely miss Grinder. You sock Grinder!
You tail-slap Grinder, but do no damage.
Grinder is lightly wounded.
Grinder gestures at you.
You suddenly lose the ability to move!
Grinder hits you but does no damage. Grinder hits you.
You writhe in agony.
Grinder hits you!
* * * LOW HITPOINT WARNING * * *
You writhe in agony.
* * * LOW HITPOINT WARNING * * *
You can move again.
It was a potion of brilliance.
You feel clever all of a sudden. Grinder hits you.
You die...

##.# #...# #### #...
#...# ##...##..# #...#
#........## # #...#
##.....#...##.# #...####
.........#.##.####.......
..#.$....................
.....§≈≈.≈≈..............
S...≈§!≈@≈..≈............
....≈§...5.§≈..###...####
##..)..._......# #)......
#..≈§.....≈≈..# #.#.####
#..≈..≈.≈§.≈..# #...##
##...≈≈.≈§....###....#
..#.....§.......#....#
##.##.##.#.#####.#....# .
... #.#.#####.####.#


You could see Grinder.

Vanquished Creatures
  Natasha (D:3)
  An orc wizard (D:3)
  4 adders
  A worm (D:2)
  A dart slug (D:2)
  7 orcs (D:3)
  4 ball pythons
  3 bats
  4 endoplasms
  2 giant cockroaches
  A goblin (D:1)
  4 hobgoblins
  6 jackals
  A quokka (D:2)
  10 frilled lizards
  4 kobolds
  9 rats
63 creatures vanquished.

Vanquished Creatures (others)
  6 plants (D:1)
6 creatures vanquished.

Grand Total: 69 creatures vanquished

Notes
Turn   | Place    | Note
-------+----------+-------------------------------------------
     0 | D:1      | xian the Draconian Venom Mage began the quest for the Orb.
     0 | D:1      | Reached XP level 1. HP: 14/14 MP: 3/3
   188 | D:1      | Reached XP level 2. HP: 7/20 MP: 1/5
  1121 | D:2      | Identified the +1 mace "Qamid" {speed, Dex+4}
  1273 | D:2      | Learned a level 2 spell: Poisonous Vapours
  1343 | D:2      | Reached XP level 3. HP: 16/26 MP: 3/6
  1794 | D:2      | Found a glowing golden altar of the Shining One.
  1996 | D:2      | Reached XP level 4. HP: 33/33 MP: 1/8
  2200 | D:3      | Noticed Natasha
  2210 | D:3      | Killed Natasha
  2496 | D:3      | Reached XP level 5. HP: 39/39 MP: 6/10
  2579 | D:3      | Learned a level 3 spell: Mephitic Cloud
  2584 | D:3      | Learned a level 4 spell: Olgreb's Toxic Radiance
  2746 | D:3      | Found a radiant altar of Vehumet.
  2757 | D:3      | Noticed Grinder
  2760 | D:3      | Became a worshipper of Vehumet
  2764 | D:3      | Paralysed by Grinder for 2 turns
  2771 | D:3      | Paralysed by Grinder for 4 turns
  2775 | D:3      | Slain by Grinder

Illustrated notes

Levels and vault maps discovered:
D:1:      minmay_arrival_glassed_features, layout_basic, minmay_lizard_king
D:2:      layout_loops_ring, basic_altar
D:3:      layout_loops_cross, mainiacjoe_overflow_small_starburst, uniq_grinder,
          uniq_natasha

Skill      XL: |  1  2  3  4 |
---------------+-------------+-----
Dodging        | 2 |  2.3
Transmutations | 2 |  2.3
Spellcasting   | 3 |  3.3
Fighting       | |  0.3
Maces & Flails | |  0.6
Stealth        | |  1.8
Unarmed Combat | |  0.1
Air Magic      | |  0.5
Poison Magic   | |  3.6

Action                     |  1- 3 |  4- 6 || total
---------------------------+-------+-------++-------
  Melee: Unarmed           |    18 |       ||    18
         Tailslap          |     3 |     3 ||     6
         Mace              |     7 |    34 ||    41
         Club              |     1 |       ||     1
   Cast: Sting             |    61 |    42 ||   103
    Use: Potion            |       |     1 ||     1
 Armour: Skin              |    25 |    31 ||    56
  Dodge: Dodged            |    28 |    19 ||    47

Table legend: (Time is in decaauts)
 A = Elapsed time spent in this place.
 B = Non-inter-level travel time spent in this place.
 C = Inter-level travel time spent in this place.
 D = Time resting spent in this place.
 E = Time spent auto-exploring this place.
 F = Levels seen in this place.
 G = Mean time per level.
                   A        B        C        D        E       F      G
               +--------+--------+--------+--------+--------+-----+--------+
         Total |   2773 |   2717 |     56 |      0 |   2261 |   3 |  924.3 |
       Dungeon |   2773 |   2717 |     56 |      0 |   2261 |   3 |  924.3 |
               +--------+--------+--------+--------+--------+-----+--------+

Top non-repeatable levels by time:
     D:2: 1135 daAuts
     D:1: 1035 daAuts
     D:3: 602 daAuts
